 Dungeon Crawl Stone Soup version 0.21.1-1-g345015fe64 (webtiles) character file.

907 KleinerIrrer the Insei (level 8, -5/52 HPs)
             Began as an Octopode Abyssal Knight on Apr 17, 2018.
             Was a Believer of Lugonu.
             Slain by a two-headed ogre
             ... wielding a +0 dire flail
              (25 damage)
             ... on level 7 of the Dungeon.
             The game lasted 00:09:27 (4264 turns).

KleinerIrrer the Insei (Octopode Abyssal Knight)    Turns: 4264, Time: 00:09:27

Health: -5/52      AC:  1    Str: 12    XL:     8   Next: 8%
Magic:  10/10      EV: 19    Int: 17    God:    Lugonu [**....]
Gold:   184        SH:  0    Dex: 13    Spells: 7/7 levels left

rFire    . . .     SeeInvis .     - Unarmed
rCold    . . .     Gourm    .   (no shield)
rNeg     . . .     Faith    .   (helmet restricted)
rPois    .         Spirit   .   (no amulet)
rElec    .         Reflect  .   d - +3 ring of intelligence
rCorr    .         Harm     .   h - +3 ring of evasion
MR       .....                  (no ring)
Stlth    ++........             (no ring)
HPRegen  0.17/turn              (no ring)
MPRegen  0.12/turn              (no ring)
                                (no ring)
                                (no ring)

@: berserk cooldown, slowed, very slow
A: almost no armour, stealthy swim, amphibious, 8 rings, constrict 8, camouflage
1, gelatinous body 1
a: Depart the Abyss, Bend Space, Renounce Religion


You were on level 7 of the Dungeon.
You worshipped Lugonu.
Lugonu was pleased with you.
You were not hungry.

You visited 1 branch of the dungeon, and saw 5 of its levels.
You visited the Abyss 1 time.

You collected 184 gold pieces.

Inventory:

Jewellery
 c - an uncursed ring of see invisible {unknown}
 d - a +3 ring of intelligence (left tentacle)
 h - a +3 ring of evasion (right tentacle)
Scrolls
 b - a scroll of magic mapping
 e - 5 scrolls of remove curse
 l - a scroll of identify
 n - a scroll of teleportation {unknown}
Potions
 f - a potion of curing
 i - 2 potions of haste {unknown}
 j - a potion of flight
 k - 2 potions of brilliance
 m - a potion of lignification
 o - a potion of resistance
Comestibles
 a - 6 rations
 g - 6 chunks of flesh


   Skills:
 - Level 3.0 Fighting
 + Level 6.4 Dodging
 + Level 6.5 Unarmed Combat
 - Level 3.0 Invocations


You had 7 spell levels left.
You didn't know any spells.

Dungeon Overview and Level Annotations

Branches:
Dungeon (4/15)
 Temple: D:4-7

Altars:
Wu Jian


Innate Abilities, Weirdness & Mutations

You cannot wear most types of armour.
You are very stealthy in the water. (Stealth+)
You are amphibious.
You can wear up to eight rings at the same time.
You can use your tentacles to constrict eight enemies at once.
Your skin changes colour to match your surroundings (Stealth+).
Your rubbery body absorbs attacks. (AC +1, EV +1)


Message History

The orc wizard is heavily wounded.
You constrict the orc wizard. The orc wizard casts a spell at you.
The magic dart hits you!
You bludgeon the orc wizard!
You kill the orc wizard!
Lugonu accepts your kill.
You start resting.
Eating one of 7 chunks of flesh.
You eat one of the 7 chunks of flesh.
This raw flesh tastes terrible.
You are no longer berserk.
You pass out from exhaustion.
You feel yourself slow down.
You can move again.
You start resting.
A two-headed ogre comes into view.
It is wielding a dire flail and a giant spiked club.
The two-headed ogre shouts in stereo!
You see here a giant club.
The two-headed ogre closely misses you. x2
The two-headed ogre hits you with a dire flail!!
You die...

#..#.# #.. ##o.#.##
#.# ##......# #.#
#c# #..$###.#######
#(# #.............+
#(###.####..#####.
##().## ##.#.##
#.#)####..##.##
#.#.))...O@##.# #
#.######...#.####...
#..................#
#########..#.......#
#.######.### #.# ..
#.######. ##
#........ #########


You could see a two-headed ogre.

Vanquished Creatures
  Grinder (D:4)
  A centaur (D:7)
  2 ogres (D:7)
  A centaur zombie (D:7)
  2 orc priests
  A hound (D:4)
  2 orc wizards
  Jessica (D:3)
  A worker ant (D:4)
  4 gnolls (D:4)
  7 adders
  4 oozes
  3 worms
  2 dart slugs
  3 leopard geckos
  11 orcs
  A ball python (D:2)
  11 giant cockroaches
  2 goblins (D:1)
  5 hobgoblins
  3 jackals (D:2)
  3 quokkas
  5 bats
  6 frilled lizards
  8 kobolds
  7 rats
97 creatures vanquished.

Vanquished Creatures (others)
  An orc wizard (D:7)
1 creature vanquished.

Grand Total: 98 creatures vanquished

Notes
Turn   | Place    | Note
-------+----------+-------------------------------------------
     0 | Abyss:1  | KleinerIrrer the Octopode Abyssal Knight began the quest for the Orb.
     0 | Abyss:1  | Reached XP level 1. HP: 16/16 MP: 2/2
    57 | Abyss:1  | Noticed an iron imp
   103 | Abyss:1  | Noticed a raiju
   104 | Abyss:1  | Noticed a raiju
   104 | Abyss:1  | Noticed a raiju
   105 | Abyss:1  | Noticed a neqoxec
   106 | D:1      | Escaped the Abyss
   186 | D:1      | Reached XP level 2. HP: 21/21 MP: 3/3
   771 | D:1      | Reached * piety under Lugonu
   935 | D:2      | Reached XP level 3. HP: 23/26 MP: 4/4
  1272 | D:2      | Found an ornate altar of the Wu Jian Council.
  1385 | D:2      | Reached XP level 4. HP: 26/31 MP: 5/5
  2143 | D:2      | Reached XP level 5. HP: 31/36 MP: 6/6
  2428 | D:3      | Reached ** piety under Lugonu
  2710 | D:3      | Noticed Jessica
  2731 | D:3      | Killed Jessica
  3165 | D:3      | Reached XP level 6. HP: 14/42 MP: 8/8
  3767 | D:4      | Noticed Grinder
  3769 | D:4      | Paralysed by Grinder for 7 turns
  3780 | D:4      | Killed Grinder
  3780 | D:4      | Reached skill level 5 in Dodging
  3780 | D:4      | Reached skill level 5 in Unarmed Combat
  3780 | D:4      | Reached XP level 7. HP: 30/46 MP: 9/9
  4096 | D:4      | You fall through a shaft for 3 floors!
  4244 | D:7      | Reached XP level 8. HP: 36/52 MP: 10/10
  4259 | D:7      | Noticed a two-headed ogre
  4264 | D:7      | Slain by a two-headed ogre

Skill      XL: |  1  2  3  4  5  6  7 |
---------------+----------------------+-----
Dodging        | 3 4 5 6 |  6.4
Unarmed Combat | 3 4 5 6 |  6.5
Invocations    | 3 |  3.0
Fighting       | |  3.0

Action                   |  1- 3 |  4- 6 |  7- 9 || total
-------------------------+-------+-------+-------++-------
Melee: Unarmed           |    70 |   121 |    54 ||   245
       Constrict         |    18 |    34 |    11 ||    63
       Tentacles         |    11 |    27 |    14 ||    52
       Punch             |     2 |     3 |     2 ||     7
Invok: Depart the Abyss  |     1 |       |       ||     1
  Use: Scroll            |     1 |     8 |       ||     9
       Potion            |       |     2 |     1 ||     3
 Stab: Sleeping          |     3 |     6 |     1 ||    10
  Eat: Chunk             |     1 |     8 |     2 ||    11
Armor: Skin              |     6 |       |       ||     6
Dodge: Dodged            |    59 |    90 |    38 ||   187
